 Dungeon Crawl Stone Soup version 0.28-a0-1387-g3a22ab9bdc (webtiles) character file.

Game seed: 7168293385762851352

6 Gildeon the Shield-Bearer (level 1, 0/19 HPs)
             Began as a Minotaur Fighter on Jan 2, 2022.
             Slain by a quokka (2 damage)
             ... on level 1 of the Dungeon.
             The game lasted 00:00:21 (32 turns).

Gildeon the Shield-Bearer (Minotaur Fighter)          Turns: 32, Time: 00:00:22

Health: 0/19       AC:  6    Str: 20    XL:     1   Next: 75%
Magic:  0/0        EV:  9    Int:  5    God:
Gold:   0          SH:  4    Dex:  9    Spells: 0/0 levels left

rFire   . . .      SeeInvis .   a - +0 war axe
rCold   . . .      Faith    .   c - +0 buckler
rNeg    . . .      Spirit   .   b - +0 scale mail
rPois   .          Reflect  .   (helmet restricted)
rElec   .          Harm     .   (no cloak)
rCorr   .          Rampage  .   (no gloves)
Will    .....                   (no boots)
Stlth   ..........              (no amulet)
HPRegen 0.06/turn               (no ring)
MPRegen 0.07/turn               (no ring)

@: no status effects
A: horns 2, retaliatory headbutt
a: no special abilities


You were on level 1 of the Dungeon.
You visited 1 branch of the dungeon, and saw 1 of its levels.

Inventory:

Hand Weapons
 a - a +0 war axe (weapon)
 f - a +0 spear
Armour
 b - a +0 scale mail (worn)
 c - a +0 buckler (worn)
Scrolls
 e - a scroll of enchant armour {unknown}
Potions
 d - a potion of might


   Skills:
 - Level 3.6 Fighting
 + Level 3.2 Axes
 - Level 3.6 Armour
 - Level 3.6 Shields


You couldn't memorise any spells.
You didn't know any spells.
Your spell library was empty.

Dungeon Overview and Level Annotations

Branches:
Dungeon (1/15)

Altars:


Innate Abilities, Weirdness & Mutations

You have a pair of horns on your head.
You reflexively headbutt those who attack you in melee.


Message History

The frilled lizard bites you but does no damage.
The quokka bites you.
You closely miss the ball python. You closely miss the frilled lizard.
You hit the endoplasm. You barely miss the quokka.
You block the ball python's attack. The ball python misses you.
The quokka bites you.
The endoplasm hits you but does no damage.
The frilled lizard bites you but does no damage.
You slash the ball python!
You kill the ball python!
You closely miss the frilled lizard. You slash the endoplasm!
You kill the endoplasm!
You barely miss the quokka. The quokka bites you.
You block the frilled lizard's attack. You block the quokka's attack.
The frilled lizard bites you but does no damage.
Your Axes skill increases to level 3!
You barely miss the quokka. You headbutt the quokka.
The quokka is almost dead.
You closely miss the frilled lizard. You block the quokka's attack.
The frilled lizard bites you.
* * * LOW HITPOINT WARNING * * *
The quokka closely misses you.
You miss the quokka.
The quokka is almost dead.
You barely miss the frilled lizard. The frilled lizard barely misses you.
The quokka barely misses you.
Unknown command.
You barely miss the quokka. Your headbutt misses the quokka.
The quokka is almost dead.
You closely miss the frilled lizard.
The quokka bites you but does no damage.
The frilled lizard bites you but does no damage.
The quokka bites you but does no damage.
The frilled lizard bites you but does no damage.
You closely miss the quokka.
The quokka is almost dead.
You closely miss the frilled lizard. The quokka bites you.
* * * LOW HITPOINT WARNING * * *
The frilled lizard barely misses you. The quokka bites you.
You die...

.. ... #..#
.....
##########.....
#.............#
#.......l.....+
#......@†..#
#.......r..#
#..........#
#..........#
###.########
#.## #..###
##...# ##'''##


You could see a quokka and a frilled lizard.

Vanquished Creatures
  A dart slug (D:1)
  An endoplasm (D:1)
  A hobgoblin (D:1)
  A ball python (D:1)
4 creatures vanquished.

Notes
Turn   | Place    | Note
-------+----------+-------------------------------------------
     0 | D:1      | Gildeon the Minotaur Fighter began the quest for the Orb.
     0 | D:1      | Reached XP level 1. HP: 19/19 MP: 0/0
    32 | D:1      | Slain by a quokka

Illustrated notes

Levels and vault maps discovered:
D:1:      kennysheep_arrival_forest, layout_rooms,
          hellmonk_ecumenical_altar_blasted

Skill      XL: |  1 |
---------------+----+-----
Axes           | 3 |  3.2
Fighting       | |  3.6
Armour         | |  3.6
Shields        | |  3.6

Action                   || total
-------------------------++-------
Melee: War axe           ||    10
       Headbutt          ||     1
Armor: Scale mail        ||    13
Dodge: Dodged            ||    13
Block: Buckler           ||     4

Table legend: (Time is in decaauts)
 A = Elapsed time spent in this place.
 B = Non-inter-level travel time spent in this place.
 C = Inter-level travel time spent in this place.
 D = Time resting spent in this place.
 E = Time spent auto-exploring this place.
 F = Levels seen in this place.
 G = Mean time per level.
                   A        B        C        D        E       F      G
               +--------+--------+--------+--------+--------+-----+--------+
         Total |     35 |     35 |      0 |      0 |     15 |   1 |   35.0 |
       Dungeon |     35 |     35 |      0 |      0 |     15 |   1 |   35.0 |
               +--------+--------+--------+--------+--------+-----+--------+

Top non-repeatable levels by time:
     D:1: 35 daAuts
